 Dungeon Crawl Stone Soup version 0.22.0-38-g04b72b8 (webtiles) character file.

39249 poirepourri the Peltast (level 13, 0/118 HPs)
             Began as a Deep Dwarf Fighter on Aug 30, 2018.
             Was the Champion of Makhleb.
             Slain by an alligator (4 damage)
             ... on level 1 of the Swamp.
             The game lasted 00:12:24 (10811 turns).

poirepourri the Peltast (Deep Dwarf Fighter)       Turns: 10811, Time: 00:12:25

Health: 0/118      AC: 22    Str: 25    XL:     13   Next: 68%
Magic:  0/10       EV: 13    Int:  8    God:    Makhleb [******]
Gold:   323        SH: 17    Dex: 16    Spells: 12/12 levels left

rFire    . . .     SeeInvis +   a - +3 war axe
rCold    . . .     Gourm    .   c - +2 shield
rNeg     . . .     Faith    .   s - +0 plate armour
rPois    .         Spirit   +   E - +1 helmet {SInv}
rElec    .         Reflect  .   e - +0 cloak
rCorr    .         Harm     .   I - +2 pair of gloves
MR       +....                  u - +0 pair of boots
Stlth    ..........             y - amulet of guardian spirit
HPRegen  0.00/turn              i - +3 ring of strength
MPRegen  0.12/turn              q - +2 ring of slaying

@: lethally poisoned (0 -> 0), non-regenerating, very slow
A: damage resistance, heal wounds, sense surroundings 2, no regeneration
a: Heal Wounds, Minor Destruction, Lesser Servant of Makhleb, Major Destruction,
Greater Servant of Makhleb, Renounce Religion


You were on level 1 of the Swamp.
You worshipped Makhleb.
Makhleb was exalted by your worship.
You were hungry.

You visited 4 branches of the dungeon, and saw 17 of its levels.

You collected 834 gold pieces.
You spent 511 gold pieces at shops.

Inventory:

Hand Weapons
 a - a +3 war axe (weapon)
 b - the +6 morningstar of Watchfulness {crush, Int-5 Dex+3 SInv}
   (You bought it in a shop on level 9 of the Dungeon)

   It inflicts extra damage upon your enemies.
   It affects your intelligence (-5).
   It affects your dexterity (+3).
   It lets you see invisible.
Missiles
 D - 2 javelins (quivered)
 F - 14 tomahawks
 J - 51 bolts
Armour
 c - a +2 shield (worn)
 e - a +0 cloak (worn)
 s - a +0 plate armour (worn)
 u - a +0 pair of boots (worn)
 E - a +1 helmet of see invisible (worn)
 I - a +2 pair of gloves (worn)
Jewellery
 i - a +3 ring of strength (left hand)
 m - an uncursed ring of fire
 q - a +2 ring of slaying (right hand)
 v - an uncursed amulet of magic regeneration {unknown}
 y - an amulet of guardian spirit (around neck)
 z - an uncursed amulet of harm {unknown}
 G - a cursed -3 ring of protection {unknown}
 K - a +4 ring of protection {unknown}
 N - an uncursed ring of resist corrosion {unknown}
Wands
 j - a wand of acid (1)
 n - a wand of polymorph (34)
 o - a wand of paralysis (6)
 r - a wand of flame (46)
 t - a wand of random effects (21)
 w - a wand of iceblast (11)
Scrolls
 d - 3 scrolls of remove curse
 h - 5 scrolls of teleportation
 k - a scroll of enchant armour
 p - 3 scrolls of blinking
 B - a scroll of fear
 L - 5 scrolls of identify
 P - a scroll of amnesia
Potions
 g - 2 potions of cancellation
 l - 8 potions of haste
 x - a potion of flight
 A - 2 potions of brilliance {unknown}
 C - 3 potions of mutation
 H - a potion of resistance
 M - a potion of agility
Comestibles
 f - 24 rations


   Skills:
 - Level 8.4 Fighting
 - Level 13.0 Axes
 + Level 8.7 Armour
 - Level 10.5 Dodging
 - Level 15.5 Shields


You had 12 spell levels left.
You didn't know any spells.
Your spell library contained the following spells:

 Spells                   Type           Power        Failure   Level  Hunger
 Corona                   Hex            #......      99%         1    ##.....
 Flame Tongue             Conj/Fire      #....        99%         1    ##.....
 Magic Dart               Conj           #...         99%         1    ##.....
 Sandblast                Erth           #.....       99%         1    ##.....
 Summon Butterflies       Summ           #.......     99%         1    ##.....
 Corpse Rot               Necr           N/A          100%        2    ###....
 Ensorcelled Hibernation  Hex/Ice        #.....       100%        2    ###....
 Passwall                 Tmut/Erth      #.......     100%        2    ###....
 Searing Ray              Conj           #.....       100%        2    ###....
 Sublimation of Blood     Necr           #.........   100%        2    ###....
 Throw Flame              Conj/Fire      #.....       100%        2    ###....
 Call Canine Familiar     Summ           #.......     100%        3    ####...
 Confuse                  Hex            #.......     100%        3    ####...
 Conjure Flame            Conj/Fire      #.......     100%        3    ####...
 Dazzling Spray           Conj/Hex       #.....       100%        3    ####...
 Inner Flame              Hex/Fire       #.......     100%        3    ####...
 Stone Arrow              Conj/Erth      #.....       100%        3    ####...
 Tukima's Dance           Hex            #.......     100%        3    ####...
 Force Lance              Conj/Tloc      #.......     100%        4    #####..
 Fulminant Prism          Conj/Hex       #.........   100%        4    #####..
 Iskenderun's Mystic Bla  Conj           #.......     100%        4    #####..
 Petrify                  Tmut/Erth      #.......     100%        4    #####..
 Sticky Flame             Conj/Fire      #.......     100%        4    #####..
 Summon Ice Beast         Ice/Summ       #.......     100%        4    #####..
 Agony                    Necr           #.......     100%        5    ######.
 Bolt of Draining         Conj/Necr      #.........   100%        5    ######.
 Dispel Undead            Necr           #.......     100%        5    ######.
 Excruciating Wounds      Chrm/Necr      #.........   100%        5    ######.
 Fireball                 Conj/Fire      #.........   100%        5    ######.
 Lee's Rapid Deconstruct  Erth           #.........   100%        5    ######.
 Summon Mana Viper        Hex/Summ       #.......     100%        5    ######.
 Summon Hydra             Summ           #.........   100%        7    #######


Dungeon Overview and Level Annotations

Branches:
Dungeon (10/15)            Temple (1/1) D:5            Lair (5/6) D:10
  Swamp (1/4) Lair:3        Snake (0/4) Lair:3        Slime (0/5) Lair:5
    Orc (0/2) D:9

Altars:
Ashenzari
Cheibriados
Dithmenos
Elyvilon
Fedhas
Gozag
Hepliaklqana
Kikubaaqudgha
Makhleb
Nemelex Xobeh
Okawaru
Qazlal
Ru
Sif Muna
Trog
Uskayaw
Vehumet
Wu Jian
Xom
Yredelemnul
Zin
The Shining One
Beogh
Jiyva

Shops:
D:8 *   D:9 (*(:=

Annotations:
Swamp:1 Louise


Innate Abilities, Weirdness & Mutations

You are resistant to damage.
You can heal yourself by infusing magical energy.
You passively map the area around you.
You do not regenerate.


Message History

The bolt of lightning hits the insubstantial wisp.
The insubstantial wisp completely resists.
The tree smoulders and burns.
Your ufetubus misses the insubstantial wisp.
Your ufetubus hits the insubstantial wisp but does no damage.
The alligator bites you!
* * * LOW HITPOINT WARNING * * *
You block the alligator's attack.
The insubstantial wisp hits you but does no damage.
The insubstantial wisp completely misses your ufetubus.
You block the vampire mosquito's attack.
Your ufetubus hits the insubstantial wisp.
Your ufetubus hits the insubstantial wisp but does no damage.
The insubstantial wisp hits your ynoxinul.
Your ynoxinul completely misses the insubstantial wisp.
Louise gestures at you while chanting. The sting hits you!
You are poisoned.
The alligator bites you!
You die...

* ≈ ≈ ** , , *, ,
≈≈♣♣♣♣..♣≈ *♣≈
....≈≈..≈♣,,♣≈.♣ ≈
≈ , *
≈,≈≈≈......♣♣♣≈♣≈♣≈
, ≈ ,
≈≈≈≈≈≈≈≈..≈≈≈... *
, ,* , *
,≈≈≈≈≈≈≈≈..≈.≈.≈§*
* , ,
.≈§..≈≈≈v.≈.≈♣♣♣
*♣≈..≈≈vt...≈.§♣ *
≈ ♣≈§≈§.v@@≈.≈♣≈ *
* , *
♣♣≈.53†y...≈♣* ,
♣♣≈5v.v!≈≈..♣* * *
♣≈.≈≈..≈≈≈≈...,, ,
♣..≈≈≈..≈≈≈≈.. ≈ *
* ♣>...♣........≈
♣≈≈≈≈≈♣....≈≈≈.**
♣♣.♣♣§♣...≈≈≈≈≈ , *
* * * ≈ ≈ ≈ ≈, ,


You could see Louise, an alligator, a vampire mosquito, 5 insubstantial wisps, a
friendly ynoxinul and 2 friendly ufetubi.

Vanquished Creatures
  Rupert (Lair:3)
  Gastronok (Lair:1)
  The ghost of poirepourri the Peltast, a journeyman MiFi of Okawaru (Lair:2)
  Snorg (Lair:3)
  3 hydras
  Erica (Lair:1)
  A two-headed ogre (D:10)
  Urug (Lair:3)
  Pikel (D:5)
  A cyclops (D:9)
  Psyche (D:8)
  4 black mambas
  4 elephants (Lair:5)
  8 spiny frogs
  6 komodo dragons
  10 rime drakes
  A queen bee (D:10)
  A troll (D:10)
  A polar bear (Lair:5)
  17 blink frogs
  4 hippogriffs
  A spriggan (D:8)
  18 yaks
  2 basilisks
  7 steam dragons (Lair:3)
  2 hungry ghosts
  2 vampire mosquitoes (Swamp:1)
  A naga (Lair:3)
  10 water moccasins
  An acid dragon (Lair:3)
  5 porcupines
  7 orc warriors
  2 ice beasts (D:5)
  2 sky beasts
  A necrophage (D:7)
  5 phantoms
  A black bear (D:10)
  3 wolves (Lair:5)
  7 ogres
  4 centaurs
  12 crocodiles
  3 big kobolds
  14 bullfrogs
  5 scorpions
  28 killer bees
  5 howler monkeys (D:10)
  11 wights
  A bullfrog zombie (D:5)
  4 crimson imps
  A centaur zombie (D:7)
  2 quasits
  6 hounds
  A centaur skeleton (D:8)
  6 orc priests
  12 orc wizards
  5 bullfrog skeletons
  2 iguanas
  6 worker ants
  A hound skeleton (D:9)
  A worker ant zombie (D:9)
  17 adders
  5 shadow imps
  4 oozes
  An adder zombie (D:7)
  An adder skeleton (D:6)
  8 worms
  2 dart slugs (D:2)
  5 leopard geckos
  45 orcs
  6 bats
  7 giant cockroaches
  5 goblins
  8 hobgoblins
  16 jackals
  6 quokkas
  6 frilled lizards
  17 kobolds
  A leopard gecko zombie (D:7)
  7 rats
  2 fungi (Lair:4)
445 creatures vanquished.

Vanquished Creatures (collateral kills)
  A hydra (Swamp:1)
1 creature vanquished.

Vanquished Creatures (others)
  A steam dragon (Lair:3)
  An insubstantial wisp (Swamp:1)
  6 fungi
  4 plants (D:10)
12 creatures vanquished.

Grand Total: 458 creatures vanquished

Notes
Turn   | Place    | Note
-------+----------+-------------------------------------------
     0 | D:1      | poirepourri the Deep Dwarf Fighter began the quest for the Orb.
     0 | D:1      | Reached XP level 1. HP: 20/20 MP: 1/1
   227 | D:1      | Reached XP level 2. HP: 27/27 MP: 2/2
   532 | D:2      | Reached XP level 3. HP: 26/33 MP: 3/3
   544 | D:2      | Found a blossoming altar of Fedhas.
   698 | D:2      | Reached XP level 4. HP: 33/40 MP: 4/4
   770 | D:2      | Reached skill level 5 in Axes
   810 | D:2      | Noticed a moth of wrath
   812 | D:2      | Found a bloodstained altar of Trog.
  1062 | D:2      | Found a glowing silver altar of Zin.
  1275 | D:3      | Reached XP level 5. HP: 38/46 MP: 5/5
  1710 | D:4      | Noticed an ogre
  1714 | D:4      | Killed an ogre
  1783 | D:4      | Reached XP level 6. HP: 45/55 MP: 6/6
  1914 | D:4      | Reached XP level 7. HP: 36/61 MP: 7/7
  2113 | D:5      | Entered Level 5 of the Dungeon
  2199 | D:5      | Found a staircase to the Ecumenical Temple.
  2214 | Temple   | Entered the Ecumenical Temple
  2407 | Temple   | Became a worshipper of Makhleb the Destroyer
  2511 | D:5      | Noticed Pikel
  2523 | D:5      | Killed Pikel
  2523 | D:5      | Reached XP level 8. HP: 50/68 MP: 7/7
  2984 | D:6      | Reached * piety under Makhleb
  3086 | D:6      | Gained mutation: You passively map the area around you. [Deep Dwarf growth]
  3086 | D:6      | Reached XP level 9. HP: 32/74 MP: 8/8
  3544 | D:6      | Reached ** piety under Makhleb
  3563 | D:6      | Reached skill level 5 in Fighting
  3997 | D:7      | Found a basalt altar of Yredelemnul.
  4065 | D:7      | Reached XP level 10. HP: 70/96 MP: 9/9
  4069 | D:7      | Reached *** piety under Makhleb
  4576 | D:8      | Found Gozag's Platinum Reserve.
  4576 | D:8      | Found an opulent altar of Gozag.
  4841 | D:8      | Reached skill level 4 in Shields
  5038 | D:8      | Reached skill level 5 in Shields
  5066 | D:8      | Reached **** piety under Makhleb
  5095 | D:8      | Noticed Psyche
  5111 | D:8      | Paralysed by Psyche for 5 turns
  5122 | D:8      | Killed Psyche
  5122 | D:8      | Reached skill level 6 in Shields
  5298 | D:8      | Found a deep blue altar of Sif Muna.
  5356 | D:9      | Found Wejac Tots's Antique Weapon Emporium.
  5359 | D:9      | Bought a jewelled morningstar for 297 gold pieces
  5359 | D:9      | Identified the +6 morningstar of Watchfulness {crush, Int-5 Dex+3 SInv} (You bought it in a shop on level 9 of the Dungeon)
  5372 | D:9      | Found Semmugg's General Store.
  5413 | D:9      | Reached skill level 7 in Shields
  5499 | D:9      | Found Atuorgh's Antique Weapon Emporium.
  5534 | D:9      | Found Liceneuq's Book Shop.
  5584 | D:9      | Found a staircase to the Orcish Mines.
  5606 | D:9      | Found a roughly hewn altar of Beogh.
  5686 | D:9      | Found Foomykol's Jewellery Shoppe.
  5719 | D:9      | Reached skill level 8 in Shields
  5769 | D:9      | Found a glowing golden altar of the Shining One.
  5862 | D:9      | Reached ***** piety under Makhleb
  5868 | D:9      | Noticed a cyclops
  5881 | D:9      | Killed a cyclops
  5881 | D:9      | Reached skill level 9 in Shields
  6018 | D:10     | Entered Level 10 of the Dungeon
  6115 | D:10     | Reached XP level 11. HP: 61/104 MP: 10/10
  6159 | D:10     | Reached skill level 10 in Shields
  6200 | D:10     | Noticed a two-headed ogre
  6213 | D:10     | Killed a two-headed ogre
  6331 | D:10     | Reached skill level 11 in Shields
  6535 | D:10     | Reached skill level 1 in Dodging
  6550 | D:10     | Found a staircase to the Lair.
  6571 | D:10     | Reached skill level 12 in Shields
  6600 | Lair:1   | Entered Level 1 of the Lair of Beasts
  6626 | Lair:1   | Noticed a seven-headed hydra
  6634 | Lair:1   | Killed an eight-headed hydra
  6641 | Lair:1   | Noticed Gastronok
  6669 | Lair:1   | Killed Gastronok
  6669 | Lair:1   | Reached skill level 13 in Shields
  6896 | Lair:1   | Noticed Erica
  6919 | Lair:1   | Killed Erica
  6919 | Lair:1   | Reached XP level 12. HP: 66/112 MP: 11/11
  7236 | D:9      | Bought a +1 helmet of see invisible for 214 gold pieces
  7463 | Lair:1   | Reached skill level 14 in Shields
  7701 | Lair:2   | Found a runed gate.
  7701 | Lair:2   | Found a runed gate.
  7701 | Lair:2   | Found a runed gate.
  7701 | Lair:2   | Noticed poirepourri's ghost (journeyman MiFi)
  7769 | Lair:2   | Killed poirepourri's ghost
  8100 | Lair:2   | Reached skill level 15 in Shields
  8672 | Lair:3   | Reached skill level 5 in Dodging
  8715 | Lair:3   | Reached ****** piety under Makhleb
  8745 | Lair:3   | Noticed Snorg
  8770 | Lair:3   | Killed Snorg
  8878 | Lair:3   | Found a staircase to the Swamp.
  8892 | Lair:3   | Noticed Rupert
  8922 | Lair:3   | Paralysed by Rupert for 4 turns
  8942 | Lair:3   | Killed Rupert
  8942 | Lair:3   | Reached XP level 13. HP: 26/118 MP: 0/12
  9048 | Lair:3   | Noticed Urug
  9064 | Lair:3   | Killed Urug
  9112 | Lair:3   | Found a staircase to the Snake Pit.
  9266 | Lair:4   | Reached skill level 10 in Dodging
  9821 | Lair:5   | Reached skill level 5 in Armour
 10200 | Lair:5   | Found a viscous altar of Jiyva.
 10202 | Lair:5   | Found a staircase to the Slime Pits.
 10789 | Swamp:1  | Entered Level 1 of the Swamp
 10789 | Swamp:1  | Noticed Louise
 10811 | Swamp:1  | HP: 4/118 [alligator (14)]
 10811 | Swamp:1  | Slain by an alligator

Skill      XL: |  1  2  3  4  5  6  7  8  9 10 11 12 13 |
---------------+----------------------------------------+-----
Axes           | 3 4 5 7 8 11 12 13 | 13.0
Fighting       | 7 8 |  8.4
Shields        | 9 13 15 | 15.5
Dodging        | 2 9 10 | 10.5
Armour         | 8 |  8.7

Action                   |  1- 3 |  4- 6 |  7- 9 | 10-12 | 13-15 || total
-------------------------+-------+-------+-------+-------+-------++-------
Melee: War axe           |   102 |   151 |   378 |   987 |   224 ||  1842
       Morningstar       |       |       |       |     3 |    20 ||    23
Invok: Lesser Servant of |       |       |       |       |     1 ||     1
 Abil: Heal Wounds       |     1 |     2 |     4 |     8 |     5 ||    20
Evoke: Wand              |       |     3 |       |    12 |     2 ||    17
  Use: Scroll            |       |     8 |     7 |    17 |       ||    32
       Potion            |       |     2 |     3 |    10 |     1 ||    16
 Stab: Invisible         |       |       |       |     2 |       ||     2
  Eat: Ration            |       |     2 |     2 |     7 |       ||    11
       Chunk             |       |       |       |     1 |     2 ||     3
Armor: Scale mail        |    67 |    63 |    98 |       |       ||   228
       Plate armour      |       |       |    41 |   340 |   125 ||   506
       Skin              |       |       |       |    12 |       ||    12
Dodge: Dodged            |    40 |    35 |    70 |   165 |   158 ||   468
Block: Shield            |    76 |    80 |   204 |   674 |   261 ||  1295
